[ AOE2 MATCH · #458069677 ]
UnrankedSlavs vs Tupi
[ REPLAY ANALYSIS · EXTRACTED FROM THE RECORDED GAME ]
Feudal
10:59
Castle
15:45
Imperial
29:31
| APM avg | 37.5 |
| APM peak | 88 |
| eAPM avg | 16.9 |
| Villagers / military | 112 / 41 |
Focus
⚔️ 19.4% · 🌾 80.6%
Boyar ×32 · Knight ×6 · Scout Cavalry ×2 · Monk ×1
Feudal
10:18
Castle
16:33
Imperial
—
| APM avg | 31.2 |
| APM peak | 64 |
| eAPM avg | 13.4 |
| Villagers / military | 89 / 23 |
Focus
⚔️ 21.4% · 🌾 78.6%
Composite Bowman ×12 · Warrior Priest ×4 · Spearman ×4 · Mangonel ×2 · Battering Ram ×1
Feudal
8:52
Castle
21:34
Imperial
—
| APM avg | 40.7 |
| APM peak | 79 |
| eAPM avg | 23.5 |
| Villagers / military | 108 / 25 |
Focus
⚔️ 28.7% · 🌾 71.3%
Archer ×18 · Mangonel ×5 · Monk ×2
Feudal
11:39
Castle
15:34
Imperial
29:51
| APM avg | 27.6 |
| APM peak | 65 |
| eAPM avg | 16.1 |
| Villagers / military | 153 / 87 |
Focus
⚔️ 18.6% · 🌾 81.4%
Spearman ×53 · Hand Cannoneer ×25 · Monk ×5 · Bombard Cannon ×4
Feudal
10:54
Castle
13:29
Imperial
26:50
| APM avg | 45.0 |
| APM peak | 81 |
| eAPM avg | 29.8 |
| Villagers / military | 156 / 78 |
Focus
⚔️ 23.4% · 🌾 76.6%
Battle Elephant ×74 · Trebuchet (Packed) ×3 · Monk ×1
Feudal
11:08
Castle
14:38
Imperial
31:57
| APM avg | 38.5 |
| APM peak | 72 |
| eAPM avg | 18.2 |
| Villagers / military | 117 / 53 |
Focus
⚔️ 41.5% · 🌾 58.5%
Bolas Rider ×53
Feudal
11:36
Castle
15:43
Imperial
—
| APM avg | 34.1 |
| APM peak | 63 |
| eAPM avg | 22.2 |
| Villagers / military | 92 / 25 |
Focus
⚔️ 29.3% · 🌾 70.7%
Spearman ×16 · Mangonel ×8 · Battering Ram ×1
Feudal
8:54
Castle
26:04
Imperial
—
| APM avg | 28.4 |
| APM peak | 57 |
| eAPM avg | 14.6 |
| Villagers / military | 67 / 43 |
Focus
⚔️ 30.2% · 🌾 69.8%
Archer ×30 · Spearman ×4 · Scorpion ×4 · Knight ×3 · Militia ×2
Match map
Initial resources + every placement click. Lines = walls · curves = elevation contours. ◆ gold · ⬟ stone · ● berries · ✦ relic · ◌ wall gap
Your base· ✓ Closed at 15:45 · 0t walls · 3 gate(s)
DaKrankVieh's base· ✓ Closed at 16:33 · 0t walls · 3 gate(s)
Noble's base· ✓ Closed at 21:34 · 4t walls · 3 gate(s)
ThreeMinuteHero's base· ✓ Closed at 15:34 · 0t walls · 2 gate(s)
Elite Villager's base· ✓ Closed at 13:29 · 0t walls · 2 gate(s)
Nobody's base· ✓ Closed at 14:38 · 0t walls · 3 gate(s)
寡言悲观戏谑's base· ✓ Closed at 15:43 · 34t walls · 2 gate(s)
Full power No shower's base· ✓ Closed at 26:04 · 0t walls · 2 gate(s)
Smoothed initial terrain · ◌ = detected wall gap · hover for details
Inputs per minute
— Thadeus - - DaKrankVieh
Build order — Thadeus
First 150 of 245 actions detected
| 0:01 | Create | Villager (Male) ×4 |
| 0:02 | Create | Villager (Male) ×4 |
| 0:03 | Build | House |
| 0:04 | Build | House |
| 1:24 | Create | Villager (Male) |
| 1:24 | Create | Villager (Male) |
| 2:09 | Create | Villager (Male) |
| 2:13 | Build | Lumber Camp |
| 2:27 | Create | Villager (Male) |
| 2:27 | Create | Villager (Male) |
| 2:45 | Create | Villager (Male) |
| 2:45 | Create | Villager (Male) |
| 3:09 | Create | Villager (Male) |
| 3:09 | Create | Villager (Male) |
| 4:01 | Build | House |
| 4:01 | Build | House |
| 4:06 | Create | Villager (Male) |
| 4:08 | Create | Villager (Male) |
| 4:46 | Create | Villager (Male) |
| 4:52 | Build | Mill |
| 5:13 | Create | Villager (Male) |
| 5:37 | Create | Villager (Male) |
| 5:37 | Create | Villager (Male) |
| 5:38 | Create | Villager (Male) |
| 6:24 | Build | Farm |
| 6:24 | Build | Farm |
| 6:42 | Build | Farm |
| 6:59 | Create | Villager (Male) |
| 7:15 | Build | Lumber Camp |
| 7:17 | Create | Villager (Male) |
| 7:51 | Create | Villager (Male) |
| 8:03 | Build | Farm |
| 8:22 | Create | Villager (Male) |
| 8:39 | Research | Feudal Age |
| 8:41 | Build | Mill |
| 10:06 | Build | Barracks |
| 10:12 | Build | House |
| 10:52 | Create | Villager (Male) |
| 10:52 | Create | Villager (Male) |
| 10:59 | Age | Feudal Age |
| 11:02 | Build | Stable |
| 11:09 | Create | Villager (Male) |
| 11:17 | Build | Mining Camp |
| 11:45 | Build | Blacksmith |
| 12:03 | Create | Villager (Male) |
| 12:15 | Create | Villager (Male) |
| 12:48 | Research | Double-Bit Axe |
| 13:00 | Research | Castle Age |
| 13:20 | Research | Horse Collar |
| 14:32 | Build | Farm |
| 14:34 | Build | Farm |
| 14:39 | Build | Farm |
| 14:53 | Research | Scale Barding Armor |
| 15:01 | Build | Stable |
| 15:44 | Create | Villager (Male) |
| 15:45 | Create | Villager (Male) |
| 15:45 | Age | Castle Age |
| 15:47 | Create | Knight |
| 15:55 | Create | Villager (Male) |
| 15:55 | Create | Villager (Male) |
| 15:58 | Build | Town Center |
| 16:01 | Create | Knight |
| 16:27 | Build | Town Center |
| 16:30 | Create | Knight |
| 16:31 | Create | Knight |
| 16:54 | Research | Bow Saw |
| 17:36 | Create | Villager (Male) |
| 17:37 | Create | Villager (Male) |
| 17:52 | Build | Monastery |
| 17:54 | Create | Villager (Male) |
| 18:25 | Create | Villager (Male) |
| 18:25 | Create | Villager (Male) |
| 18:37 | Create | Villager (Male) |
| 18:39 | Create | Monk |
| 18:52 | Create | Villager (Male) |
| 18:56 | Build | Farm |
| 18:57 | Build | Farm |
| 18:58 | Build | Farm |
| 19:00 | Create | Villager (Male) |
| 19:03 | Build | Farm |
| 19:04 | Build | Farm |
| 19:15 | Create | Villager (Male) |
| 19:15 | Create | Villager (Male) |
| 19:16 | Create | Villager (Male) |
| 19:22 | Build | Lumber Camp |
| 19:28 | Create | Villager (Male) |
| 19:31 | Build | House |
| 19:32 | Build | House |
| 19:33 | Build | House |
| 19:47 | Build | Farm |
| 19:48 | Build | Farm |
| 19:51 | Create | Villager (Male) |
| 19:51 | Create | Villager (Male) |
| 19:52 | Create | Villager (Male) |
| 20:26 | Create | Villager (Male) |
| 20:27 | Create | Villager (Male) |
| 20:32 | Create | Villager (Male) |
| 21:12 | Create | Villager (Male) |
| 21:17 | Create | Knight |
| 21:17 | Create | Knight |
| 21:18 | Create | Villager (Male) |
| 21:19 | Create | Villager (Male) |
| 21:19 | Create | Villager (Male) |
| 21:41 | Create | Villager (Male) |
| 21:42 | Create | Villager (Male) |
| 21:42 | Create | Villager (Male) |
| 21:46 | Build | House |
| 21:47 | Build | House |
| 21:57 | Create | Villager (Male) |
| 22:00 | Build | Farm |
| 22:00 | Build | Farm |
| 22:00 | Build | Farm |
| 22:01 | Build | Farm |
| 22:01 | Build | Farm |
| 22:01 | Build | Farm |
| 22:06 | Build | Farm |
| 22:07 | Build | Farm |
| 22:08 | Build | Farm |
| 22:09 | Create | Villager (Male) |
| 22:40 | Create | Villager (Male) |
| 22:40 | Create | Villager (Male) |
| 23:06 | Build | Farm |
| 23:07 | Build | Farm |
| 23:08 | Create | Villager (Male) |
| 23:08 | Create | Villager (Male) |
| 23:08 | Create | Villager (Male) |
| 23:12 | Research | Heavy Plow |
| 23:30 | Create | Villager (Male) |
| 23:31 | Create | Villager (Male) |
| 23:31 | Create | Villager (Male) |
| 23:37 | Build | Farm |
| 23:38 | Build | Farm |
| 23:41 | Create | Villager (Male) |
| 23:41 | Create | Villager (Male) |
| 23:44 | Build | Castle |
| 24:02 | Build | Farm |
| 24:02 | Build | Farm |
| 24:09 | Build | Farm |
| 24:10 | Build | Farm |
| 24:11 | Build | Farm |
| 24:11 | Build | Farm |
| 24:14 | Create | Villager (Male) |
| 24:15 | Create | Villager (Male) |
| 24:16 | Create | Villager (Male) |
| 24:19 | Build | Lumber Camp |
| 24:23 | Build | Farm |
| 24:23 | Build | Farm |
| 24:24 | Build | Farm |
| 24:24 | Build | Farm |
| 24:24 | Build | Farm |
Build order — DaKrankVieh
First 150 of 186 actions detected
| 0:01 | Create | Villager (Male) |
| 0:02 | Create | Villager (Male) |
| 0:03 | Build | House |
| 0:04 | Build | House |
| 0:19 | Create | Villager (Male) |
| 0:19 | Create | Villager (Male) |
| 1:35 | Create | Villager (Male) |
| 2:09 | Create | Villager (Male) |
| 2:13 | Build | Mule Cart |
| 2:43 | Create | Villager (Male) |
| 2:43 | Create | Villager (Male) |
| 3:07 | Create | Villager (Male) |
| 3:32 | Create | Villager (Male) |
| 3:43 | Build | House |
| 3:44 | Build | House |
| 3:58 | Create | Villager (Male) |
| 3:58 | Create | Villager (Male) |
| 4:45 | Create | Villager (Male) |
| 4:45 | Create | Villager (Male) |
| 4:53 | Build | Mill |
| 4:59 | Create | Villager (Male) |
| 6:07 | Build | Mule Cart |
| 6:09 | Create | Villager (Male) |
| 6:18 | Create | Villager (Male) |
| 6:36 | Create | Villager (Male) |
| 7:20 | Create | Villager (Male) |
| 8:06 | Research | Feudal Age |
| 8:40 | Create | Villager (Male) |
| 8:40 | Create | Villager (Male) |
| 9:35 | Build | House |
| 10:02 | Research | Loom |
| 10:02 | Create | Villager (Male) |
| 10:02 | Create | Villager (Male) |
| 10:18 | Age | Feudal Age |
| 10:22 | Build | Market |
| 10:25 | Build | Blacksmith |
| 10:35 | Build | Watch Tower |
| 10:38 | Create | Villager (Male) |
| 10:38 | Create | Villager (Male) |
| 10:49 | Create | Villager (Male) |
| 10:55 | Research | Fletching |
| 11:01 | Create | Villager (Male) |
| 11:34 | Create | Villager (Male) |
| 11:40 | Build | Mule Cart |
| 11:42 | Create | Villager (Male) |
| 13:08 | Create | Villager (Male) |
| 13:47 | Build | House |
| 13:53 | Research | Castle Age |
| 14:52 | Build | Gate |
| 15:14 | Research | Double-Bit Axe |
| 15:19 | Build | Farm |
| 15:20 | Build | Farm |
| 15:21 | Build | Farm |
| 15:24 | Build | Farm |
| 16:33 | Age | Castle Age |
| 16:40 | Build | Monastery |
| 16:41 | Create | Villager (Male) |
| 17:01 | Build | Siege Workshop |
| 17:06 | Create | Villager (Male) |
| 17:12 | Build | Farm |
| 17:32 | Create | Warrior Priest |
| 17:46 | Create | Villager (Male) |
| 17:56 | Create | Mangonel |
| 18:30 | Create | Villager (Male) |
| 18:44 | Create | Battering Ram |
| 18:51 | Create | Villager (Male) |
| 18:55 | Build | Farm |
| 19:01 | Build | Farm |
| 19:04 | Build | Farm |
| 19:40 | Create | Warrior Priest |
| 20:36 | Create | Villager (Male) |
| 20:36 | Create | Villager (Male) |
| 20:37 | Create | Villager (Male) |
| 20:40 | Build | Farm |
| 20:42 | Build | Farm |
| 20:47 | Create | Villager (Male) |
| 20:47 | Create | Villager (Male) |
| 20:54 | Create | Mangonel |
| 21:32 | Build | House |
| 21:33 | Build | House |
| 21:34 | Build | House |
| 21:50 | Create | Villager (Male) |
| 21:59 | Build | Town Center |
| 22:03 | Create | Villager (Male) |
| 22:58 | Create | Villager (Male) |
| 22:58 | Create | Villager (Male) |
| 23:38 | Create | Warrior Priest |
| 23:38 | Create | Warrior Priest |
| 23:48 | Create | Villager (Male) |
| 23:48 | Create | Villager (Male) |
| 23:48 | Create | Villager (Male) |
| 24:28 | Create | Villager (Male) |
| 24:29 | Create | Villager (Male) |
| 24:29 | Create | Villager (Male) |
| 24:46 | Create | Villager (Male) |
| 24:47 | Build | Farm |
| 24:48 | Build | Farm |
| 24:48 | Build | Farm |
| 24:48 | Build | Farm |
| 24:48 | Build | Farm |
| 24:49 | Build | Farm |
| 24:49 | Build | Farm |
| 24:49 | Build | Farm |
| 25:13 | Build | Stone Wall |
| 25:40 | Create | Villager (Male) |
| 25:40 | Create | Villager (Male) |
| 25:40 | Create | Villager (Male) |
| 26:09 | Build | Castle |
| 26:14 | Create | Villager (Male) |
| 26:14 | Create | Villager (Male) |
| 26:14 | Create | Villager (Male) |
| 26:19 | Research | Fervor |
| 26:26 | Build | Farm |
| 26:26 | Build | Farm |
| 26:27 | Build | Farm |
| 26:31 | Build | Farm |
| 26:51 | Build | Farm |
| 27:39 | Build | Castle |
| 27:50 | Create | Villager (Male) |
| 27:51 | Create | Villager (Male) |
| 27:51 | Create | Villager (Male) |
| 27:59 | Create | Villager (Male) |
| 27:59 | Create | Villager (Male) |
| 27:59 | Create | Villager (Male) |
| 28:02 | Build | Farm |
| 28:18 | Create | Villager (Male) |
| 28:34 | Build | Barracks |
| 28:43 | Create | Villager (Male) |
| 28:43 | Create | Villager (Male) |
| 28:53 | Create | Villager (Male) |
| 28:53 | Create | Villager (Male) |
| 28:54 | Create | Villager (Male) |
| 28:54 | Create | Villager (Male) |
| 29:11 | Build | Farm |
| 29:11 | Build | Farm |
| 29:11 | Build | Farm |
| 29:11 | Build | Farm |
| 29:11 | Build | Farm |
| 29:29 | Research | Scale Mail Armor |
| 29:51 | Create | Spearman |
| 29:52 | Create | Spearman |
| 29:57 | Build | Barracks |
| 29:58 | Create | Villager (Male) |
| 29:58 | Create | Villager (Male) |
| 29:59 | Create | Villager (Male) |
| 30:01 | Research | Wheelbarrow |
| 30:18 | Research | Pikeman (upgrade) |
| 30:28 | Create | Villager (Male) |
| 30:28 | Create | Villager (Male) |
| 30:28 | Create | Villager (Male) |
Build order — Noble
First 150 of 243 actions detected
| 0:02 | Create | Villager (Male) |
| 0:02 | Build | House |
| 0:04 | Build | House |
| 0:21 | Create | Villager (Male) |
| 0:22 | Create | Villager (Male) |
| 0:27 | Create | Villager (Male) |
| 1:04 | Create | Villager (Male) |
| 1:34 | Create | Villager (Male) |
| 1:48 | Build | Settlement |
| 1:53 | Create | Villager (Male) |
| 2:39 | Create | Villager (Male) |
| 3:03 | Create | Villager (Male) |
| 3:33 | Create | Villager (Male) |
| 3:44 | Create | Villager (Male) |
| 4:09 | Create | Villager (Male) |
| 4:31 | Create | Villager (Male) |
| 5:10 | Create | Villager (Male) |
| 5:42 | Build | Settlement |
| 5:49 | Create | Villager (Male) |
| 6:15 | Create | Villager (Male) |
| 6:40 | Research | Feudal Age |
| 7:14 | Build | Barracks |
| 7:36 | Create | Villager (Male) |
| 8:06 | Create | Villager (Male) |
| 8:06 | Research | Loom |
| 8:52 | Age | Feudal Age |
| 8:53 | Build | Watch Tower |
| 8:55 | Build | Archery Range |
| 8:57 | Research | Horse Collar |
| 9:04 | Research | Double-Bit Axe |
| 9:32 | Create | Villager (Male) |
| 9:45 | Create | Archer |
| 9:46 | Create | Archer |
| 10:11 | Create | Archer |
| 10:23 | Build | Settlement |
| 10:29 | Create | Villager (Male) |
| 10:30 | Create | Archer |
| 10:59 | Create | Villager (Male) |
| 11:03 | Build | Settlement |
| 11:26 | Create | Archer |
| 11:27 | Create | Archer |
| 11:32 | Create | Villager (Male) |
| 11:53 | Build | Watch Tower |
| 12:01 | Create | Villager (Male) |
| 12:03 | Build | Blacksmith |
| 12:15 | Create | Archer |
| 12:25 | Create | Villager (Male) |
| 12:45 | Create | Archer |
| 12:50 | Create | Villager (Male) |
| 13:16 | Create | Villager (Male) |
| 13:35 | Research | Fletching |
| 13:35 | Research | Fletching |
| 13:41 | Create | Archer |
| 13:57 | Create | Villager (Male) |
| 14:22 | Build | Settlement |
| 14:25 | Create | Archer |
| 14:34 | Create | Villager (Male) |
| 14:36 | Create | Archer |
| 14:58 | Create | Villager (Male) |
| 15:05 | Build | Farm |
| 15:06 | Build | Farm |
| 15:14 | Create | Archer |
| 15:17 | Create | Villager (Male) |
| 15:42 | Build | Watch Tower |
| 15:49 | Build | Farm |
| 15:49 | Build | Farm |
| 15:49 | Build | Farm |
| 15:50 | Build | Farm |
| 15:50 | Build | Farm |
| 15:51 | Create | Villager (Male) |
| 15:54 | Build | Farm |
| 15:54 | Build | Farm |
| 16:11 | Create | Villager (Male) |
| 16:29 | Create | Villager (Male) |
| 16:34 | Build | Watch Tower |
| 16:56 | Build | Market |
| 16:59 | Create | Villager (Male) |
| 17:11 | Create | Archer |
| 17:11 | Create | Archer |
| 17:15 | Create | Villager (Male) |
| 17:35 | Create | Villager (Male) |
| 17:48 | Create | Villager (Male) |
| 18:00 | Build | House |
| 18:38 | Build | Stone Wall |
| 18:54 | Research | Castle Age |
| 19:34 | Build | Watch Tower |
| 20:17 | Create | Archer |
| 21:32 | Build | House |
| 21:34 | Age | Castle Age |
| 21:35 | Create | Villager (Male) |
| 21:38 | Build | Town Center |
| 21:45 | Build | Town Center |
| 21:46 | Research | Horse Collar |
| 21:49 | Research | Bow Saw |
| 22:02 | Create | Villager (Male) |
| 22:14 | Build | Siege Workshop |
| 22:34 | Create | Villager (Male) |
| 22:37 | Build | University |
| 22:48 | Research | Bodkin Arrow |
| 22:53 | Create | Villager (Male) |
| 22:59 | Create | Archer |
| 23:10 | Build | Siege Workshop |
| 23:18 | Create | Archer |
| 23:30 | Create | Villager (Male) |
| 23:43 | Research | Guard Tower (upgrade) |
| 23:44 | Create | Villager (Male) |
| 23:52 | Create | Villager (Male) |
| 24:04 | Create | Archer |
| 24:11 | Create | Mangonel |
| 24:12 | Create | Villager (Male) |
| 24:29 | Create | Villager (Male) |
| 24:31 | Build | Farm |
| 24:50 | Build | Watch Tower |
| 24:55 | Create | Mangonel |
| 24:57 | Create | Villager (Male) |
| 25:08 | Create | Mangonel |
| 25:09 | Create | Villager (Male) |
| 25:15 | Build | Farm |
| 25:16 | Build | Farm |
| 25:36 | Create | Villager (Male) |
| 25:38 | Build | Farm |
| 25:42 | Build | Farm |
| 25:43 | Build | Farm |
| 25:44 | Create | Villager (Male) |
| 25:56 | Create | Villager (Male) |
| 26:01 | Build | Farm |
| 26:01 | Build | Farm |
| 26:07 | Create | Villager (Male) |
| 26:20 | Build | Watch Tower |
| 26:21 | Create | Villager (Male) |
| 26:37 | Create | Villager (Male) |
| 26:44 | Create | Mangonel |
| 26:47 | Create | Villager (Male) |
| 27:03 | Create | Villager (Male) |
| 27:05 | Create | Villager (Male) |
| 27:25 | Create | Villager (Male) |
| 27:30 | Create | Villager (Male) |
| 27:40 | Build | Farm |
| 27:42 | Build | Farm |
| 27:43 | Build | Farm |
| 27:44 | Create | Villager (Male) |
| 27:45 | Build | Farm |
| 27:51 | Create | Villager (Male) |
| 28:02 | Create | Villager (Male) |
| 28:10 | Build | Watch Tower |
| 28:33 | Create | Villager (Male) |
| 28:43 | Create | Villager (Male) |
| 28:47 | Build | Monastery |
| 28:51 | Create | Villager (Male) |
| 28:59 | Create | Villager (Male) |
Build order — ThreeMinuteHero
First 150 of 327 actions detected
| 0:00 | Create | Villager (Male) ×4 |
| 0:02 | Build | House |
| 0:03 | Build | House |
| 1:19 | Build | Mill |
| 1:27 | Create | Villager (Male) |
| 1:28 | Create | Villager (Male) |
| 2:01 | Create | Villager (Male) |
| 2:31 | Create | Villager (Male) |
| 2:56 | Create | Villager (Male) |
| 3:19 | Create | Villager (Male) |
| 3:33 | Build | Lumber Camp |
| 3:57 | Create | Villager (Male) |
| 3:57 | Create | Villager (Male) |
| 4:00 | Build | House |
| 4:22 | Build | House |
| 4:23 | Create | Villager (Male) |
| 4:23 | Create | Villager (Male) |
| 4:46 | Create | Villager (Male) |
| 4:57 | Build | House |
| 5:15 | Create | Villager (Male) |
| 5:31 | Create | Villager (Male) |
| 5:31 | Create | Villager (Male) |
| 6:03 | Create | Villager (Male) |
| 6:03 | Create | Villager (Male) |
| 6:28 | Create | Villager (Male) |
| 6:29 | Create | Villager (Male) |
| 6:41 | Create | Villager (Male) |
| 6:41 | Create | Villager (Male) |
| 7:41 | Create | Villager (Male) |
| 7:41 | Create | Villager (Male) |
| 8:13 | Build | Mill |
| 8:31 | Create | Villager (Male) |
| 8:31 | Create | Villager (Male) |
| 9:05 | Build | Mining Camp |
| 9:29 | Research | Feudal Age |
| 9:39 | Build | Farm |
| 9:41 | Build | Farm |
| 9:46 | Build | Farm |
| 9:59 | Create | Villager (Male) |
| 10:00 | Create | Villager (Male) |
| 11:39 | Age | Feudal Age |
| 11:43 | Build | Market |
| 11:47 | Build | Blacksmith |
| 12:13 | Research | Loom |
| 12:48 | Research | Castle Age |
| 13:16 | Research | Double-Bit Axe |
| 13:51 | Research | Horse Collar |
| 14:03 | Build | Farm |
| 14:22 | Build | House |
| 14:23 | Build | Barracks |
| 15:34 | Age | Castle Age |
| 15:38 | Create | Villager (Male) |
| 15:41 | Build | Monastery |
| 15:48 | Build | Town Center |
| 15:57 | Create | Villager (Male) |
| 15:58 | Research | Bow Saw |
| 16:11 | Create | Villager (Male) |
| 16:25 | Create | Monk |
| 16:25 | Research | Fervor |
| 16:28 | Create | Villager (Male) |
| 16:32 | Build | House |
| 16:33 | Build | House |
| 16:41 | Build | Town Center |
| 16:45 | Create | Villager (Male) |
| 17:17 | Build | Farm |
| 17:18 | Build | Farm |
| 17:19 | Create | Villager (Male) |
| 17:19 | Create | Villager (Male) |
| 17:22 | Build | Farm |
| 17:23 | Build | Farm |
| 17:24 | Build | Farm |
| 17:24 | Build | Farm |
| 17:30 | Build | Farm |
| 17:39 | Build | Farm |
| 17:40 | Build | Farm |
| 17:42 | Build | Farm |
| 17:42 | Build | Farm |
| 17:47 | Create | Villager (Male) |
| 17:47 | Create | Villager (Male) |
| 17:49 | Build | House |
| 17:50 | Build | House |
| 17:52 | Create | Monk |
| 18:11 | Build | Farm |
| 18:13 | Build | Farm |
| 18:13 | Build | Farm |
| 18:16 | Create | Villager (Male) |
| 18:16 | Create | Villager (Male) |
| 18:22 | Build | Farm |
| 18:33 | Build | Farm |
| 18:36 | Create | Villager (Male) |
| 18:44 | Create | Villager (Male) |
| 18:49 | Create | Villager (Male) |
| 18:49 | Create | Villager (Male) |
| 18:54 | Build | Farm |
| 19:02 | Build | Farm |
| 19:03 | Create | Villager (Male) |
| 19:03 | Create | Villager (Male) |
| 19:09 | Create | Villager (Male) |
| 19:09 | Create | Villager (Male) |
| 19:13 | Create | Villager (Male) |
| 19:13 | Create | Villager (Male) |
| 19:22 | Build | House |
| 19:34 | Create | Monk |
| 19:35 | Create | Villager (Male) |
| 19:36 | Create | Villager (Male) |
| 19:36 | Create | Villager (Male) |
| 19:43 | Create | Villager (Male) |
| 19:46 | Create | Villager (Male) |
| 19:56 | Build | Farm |
| 20:01 | Build | Farm |
| 20:07 | Build | Town Center |
| 20:09 | Build | Farm |
| 20:10 | Create | Villager (Male) |
| 20:10 | Create | Villager (Male) |
| 20:10 | Create | Villager (Male) |
| 20:16 | Build | Farm |
| 20:18 | Create | Villager (Male) |
| 20:19 | Create | Villager (Male) |
| 20:23 | Build | House |
| 20:34 | Create | Villager (Male) |
| 20:34 | Create | Villager (Male) |
| 20:34 | Create | Villager (Male) |
| 20:44 | Create | Villager (Male) |
| 20:44 | Create | Villager (Male) |
| 21:07 | Create | Villager (Male) |
| 21:07 | Create | Villager (Male) |
| 21:14 | Build | Farm |
| 21:15 | Build | Farm |
| 21:16 | Build | Farm |
| 21:23 | Create | Villager (Male) |
| 21:24 | Create | Villager (Male) |
| 21:30 | Create | Villager (Male) |
| 21:31 | Create | Villager (Male) |
| 21:31 | Create | Villager (Male) |
| 21:36 | Build | House |
| 21:46 | Create | Villager (Male) |
| 21:46 | Create | Villager (Male) |
| 21:54 | Create | Villager (Male) |
| 22:06 | Build | Town Center |
| 22:10 | Build | House |
| 22:14 | Create | Villager (Male) |
| 22:15 | Create | Villager (Male) |
| 22:15 | Create | Villager (Male) |
| 22:21 | Research | Wheelbarrow |
| 22:22 | Create | Villager (Male) |
| 22:23 | Create | Villager (Male) |
| 22:27 | Build | Farm |
| 22:27 | Build | Farm |
| 22:27 | Build | Farm |
| 22:27 | Build | Farm |
Build order — Elite Villager
First 150 of 391 actions detected
| 0:01 | Create | Villager (Male) |
| 0:03 | Build | House |
| 0:04 | Build | House |
| 0:21 | Create | Villager (Male) |
| 0:25 | Create | Villager (Male) |
| 0:26 | Create | Villager (Male) |
| 1:34 | Create | Villager (Male) |
| 1:46 | Build | Lumber Camp |
| 1:49 | Create | Villager (Male) |
| 2:22 | Create | Villager (Male) |
| 2:52 | Create | Villager (Male) |
| 2:57 | Create | Villager (Male) |
| 3:34 | Create | Villager (Male) |
| 3:57 | Create | Villager (Male) |
| 4:01 | Build | House |
| 4:25 | Create | Villager (Male) |
| 4:26 | Build | Mill |
| 4:29 | Create | Villager (Male) |
| 4:52 | Create | Villager (Male) |
| 5:16 | Create | Villager (Male) |
| 5:35 | Create | Villager (Male) |
| 5:51 | Create | Villager (Male) |
| 5:54 | Build | House |
| 6:15 | Create | Villager (Male) |
| 6:38 | Create | Villager (Male) |
| 6:51 | Build | Farm |
| 6:56 | Build | Farm |
| 7:20 | Create | Villager (Male) |
| 7:30 | Create | Villager (Male) |
| 7:31 | Create | Villager (Male) |
| 7:51 | Create | Villager (Male) |
| 7:52 | Create | Villager (Male) |
| 7:59 | Build | House |
| 8:53 | Build | Mining Camp |
| 9:15 | Research | Feudal Age |
| 10:34 | Build | Mill |
| 10:54 | Age | Feudal Age |
| 10:56 | Create | Villager (Male) |
| 10:57 | Create | Villager (Male) |
| 11:00 | Build | Market |
| 11:06 | Build | Blacksmith |
| 11:53 | Research | Castle Age |
| 12:08 | Build | House |
| 12:28 | Research | Horse Collar |
| 12:43 | Research | Double-Bit Axe |
| 13:20 | Create | Villager (Male) |
| 13:20 | Create | Villager (Male) |
| 13:29 | Age | Castle Age |
| 13:35 | Create | Villager (Male) |
| 13:40 | Build | Town Center |
| 13:47 | Create | Villager (Male) |
| 13:48 | Create | Villager (Male) |
| 13:57 | Build | Town Center |
| 14:05 | Create | Villager (Male) |
| 14:20 | Create | Villager (Male) |
| 14:23 | Build | Farm |
| 14:27 | Build | Farm |
| 14:27 | Build | House |
| 14:40 | Build | Farm |
| 14:43 | Build | Farm |
| 14:45 | Create | Villager (Male) |
| 14:52 | Build | Farm |
| 14:59 | Build | Farm |
| 15:05 | Create | Villager (Male) |
| 15:21 | Create | Villager (Male) |
| 15:29 | Create | Villager (Male) |
| 15:34 | Create | Villager (Male) |
| 15:40 | Build | Farm |
| 15:46 | Create | Villager (Male) |
| 16:01 | Build | Farm |
| 16:03 | Build | Farm |
| 16:07 | Build | Farm |
| 16:12 | Create | Villager (Male) |
| 16:16 | Build | Farm |
| 16:21 | Build | Farm |
| 16:27 | Create | Villager (Male) |
| 16:29 | Build | Farm |
| 16:31 | Build | Farm |
| 16:42 | Build | Farm |
| 16:50 | Create | Villager (Male) |
| 16:58 | Build | Farm |
| 17:02 | Create | Villager (Male) |
| 17:05 | Build | Farm |
| 17:06 | Build | House |
| 17:08 | Build | Farm |
| 17:12 | Create | Villager (Male) |
| 17:17 | Create | Villager (Male) |
| 17:35 | Create | Villager (Male) |
| 17:38 | Build | Farm |
| 17:40 | Build | Farm |
| 17:43 | Create | Villager (Male) |
| 17:49 | Create | Villager (Male) |
| 17:54 | Create | Villager (Male) |
| 17:57 | Build | Farm |
| 18:01 | Create | Villager (Male) |
| 18:02 | Build | Farm |
| 18:06 | Build | House |
| 18:14 | Create | Villager (Male) |
| 18:16 | Build | Monastery |
| 18:21 | Create | Villager (Male) |
| 18:24 | Create | Villager (Male) |
| 18:28 | Create | Villager (Male) |
| 18:33 | Build | Farm |
| 18:41 | Build | Farm |
| 18:46 | Build | Farm |
| 18:49 | Create | Villager (Male) |
| 18:53 | Create | Villager (Male) |
| 18:54 | Create | Villager (Male) |
| 18:56 | Build | House |
| 19:00 | Build | House |
| 19:04 | Create | Villager (Male) |
| 19:09 | Create | Villager (Male) |
| 19:10 | Create | Villager (Male) |
| 19:19 | Build | Farm |
| 19:28 | Create | Villager (Male) |
| 19:32 | Create | Villager (Male) |
| 19:32 | Create | Villager (Male) |
| 19:34 | Build | House |
| 19:38 | Build | House |
| 19:41 | Create | Villager (Male) |
| 19:42 | Create | Villager (Male) |
| 19:44 | Create | Villager (Male) |
| 19:56 | Build | Town Center |
| 20:06 | Create | Villager (Male) |
| 20:07 | Create | Villager (Male) |
| 20:08 | Create | Villager (Male) |
| 20:13 | Create | Villager (Male) |
| 20:16 | Create | Villager (Male) |
| 20:16 | Create | Villager (Male) |
| 20:19 | Build | Farm |
| 20:22 | Create | Monk |
| 20:28 | Create | Villager (Male) |
| 20:33 | Create | Villager (Male) |
| 20:34 | Create | Villager (Male) |
| 20:51 | Build | Farm |
| 20:54 | Create | Villager (Male) |
| 20:56 | Create | Villager (Male) |
| 21:01 | Create | Villager (Male) |
| 21:01 | Create | Villager (Male) |
| 21:03 | Create | Villager (Male) |
| 21:05 | Build | Lumber Camp |
| 21:16 | Create | Villager (Male) |
| 21:19 | Create | Villager (Male) |
| 21:20 | Build | Farm |
| 21:22 | Build | House |
| 21:24 | Create | Villager (Male) |
| 21:25 | Create | Villager (Male) |
| 21:29 | Create | Villager (Male) |
| 21:33 | Build | Farm |
| 21:34 | Build | House |
Build order — Nobody
First 150 of 271 actions detected
| 0:04 | Create | Villager (Male) |
| 0:04 | Create | Villager (Male) |
| 0:04 | Create | Villager (Male) |
| 0:04 | Create | Villager (Male) |
| 0:06 | Build | House |
| 0:09 | Build | House |
| 1:32 | Create | Villager (Male) |
| 1:53 | Build | Settlement |
| 1:54 | Create | Villager (Male) |
| 2:38 | Create | Villager (Male) |
| 3:08 | Create | Villager (Male) |
| 3:13 | Build | House |
| 3:18 | Build | House |
| 3:25 | Create | Villager (Male) |
| 3:43 | Create | Villager (Male) |
| 4:19 | Create | Villager (Male) |
| 4:19 | Create | Villager (Male) |
| 4:31 | Create | Villager (Male) |
| 4:59 | Build | Settlement |
| 5:11 | Create | Villager (Male) |
| 5:11 | Create | Villager (Male) |
| 5:12 | Create | Villager (Male) |
| 6:27 | Create | Villager (Male) |
| 6:29 | Create | Villager (Male) |
| 6:58 | Build | Farm |
| 7:11 | Create | Villager (Male) |
| 7:40 | Create | Villager (Male) |
| 7:56 | Create | Villager (Male) |
| 8:10 | Build | Farm |
| 8:27 | Create | Villager (Male) |
| 8:37 | Build | Farm |
| 8:47 | Create | Villager (Male) |
| 8:50 | Research | Feudal Age |
| 10:46 | Build | Farm |
| 11:03 | Create | Villager (Male) |
| 11:04 | Create | Villager (Male) |
| 11:08 | Age | Feudal Age |
| 11:10 | Build | Market |
| 11:14 | Build | Blacksmith |
| 11:57 | Research | Castle Age |
| 12:23 | Build | House |
| 12:34 | Build | Barracks |
| 12:58 | Build | Barracks |
| 13:00 | Create | Villager (Male) |
| 13:01 | Create | Villager (Male) |
| 13:02 | Research | Double-Bit Axe |
| 13:43 | Create | Villager (Male) |
| 13:43 | Create | Villager (Male) |
| 13:56 | Build | Archery Range |
| 14:04 | Research | Gold Mining |
| 14:06 | Research | Horse Collar |
| 14:27 | Create | Villager (Male) |
| 14:31 | Create | Villager (Male) |
| 14:38 | Age | Castle Age |
| 14:42 | Create | Villager (Male) |
| 15:04 | Build | Town Center |
| 15:12 | Create | Villager (Male) |
| 15:22 | Research | Bow Saw |
| 15:37 | Build | House |
| 15:38 | Create | Villager (Male) |
| 15:48 | Create | Villager (Male) |
| 15:53 | Build | House |
| 15:56 | Create | Villager (Male) |
| 15:59 | Create | Villager (Male) |
| 16:09 | Create | Villager (Male) |
| 16:16 | Build | House |
| 16:17 | Build | House |
| 16:36 | Create | Bolas Rider |
| 16:43 | Create | Villager (Male) |
| 16:53 | Create | Villager (Male) |
| 16:56 | Create | Bolas Rider |
| 17:02 | Create | Villager (Male) |
| 17:05 | Build | Farm |
| 17:10 | Research | Loom |
| 17:13 | Create | Bolas Rider |
| 17:16 | Create | Villager (Male) |
| 17:22 | Build | Farm |
| 17:31 | Create | Villager (Male) |
| 17:38 | Create | Villager (Male) |
| 17:41 | Build | Farm |
| 17:44 | Create | Bolas Rider |
| 17:47 | Build | House |
| 17:54 | Create | Bolas Rider |
| 17:57 | Create | Villager (Male) |
| 18:03 | Create | Villager (Male) |
| 18:09 | Create | Villager (Male) |
| 18:18 | Research | Fletching |
| 18:23 | Build | House |
| 18:36 | Create | Bolas Rider |
| 18:38 | Create | Villager (Male) |
| 18:41 | Build | Archery Range |
| 18:52 | Build | Farm |
| 18:56 | Create | Bolas Rider |
| 18:57 | Create | Bolas Rider |
| 19:07 | Build | Farm |
| 19:10 | Build | Farm |
| 19:15 | Create | Villager (Male) |
| 19:21 | Build | Farm |
| 19:23 | Create | Bolas Rider |
| 19:36 | Build | Farm |
| 19:41 | Build | Farm |
| 19:55 | Create | Bolas Rider |
| 19:55 | Create | Bolas Rider |
| 19:56 | Create | Villager (Male) |
| 19:58 | Create | Villager (Male) |
| 20:01 | Build | Farm |
| 20:15 | Create | Villager (Male) |
| 20:18 | Build | Farm |
| 20:21 | Build | Farm |
| 20:35 | Create | Villager (Male) |
| 20:36 | Build | Farm |
| 20:40 | Create | Villager (Male) |
| 20:42 | Create | Bolas Rider |
| 20:42 | Create | Bolas Rider |
| 20:50 | Create | Villager (Male) |
| 20:54 | Build | Farm |
| 21:45 | Create | Villager (Male) |
| 21:46 | Create | Villager (Male) |
| 21:46 | Create | Villager (Male) |
| 22:04 | Research | Wheelbarrow |
| 22:05 | Research | Town Watch |
| 22:08 | Build | Town Center |
| 22:14 | Create | Bolas Rider |
| 22:14 | Create | Bolas Rider |
| 22:15 | Create | Villager (Male) |
| 22:30 | Create | Villager (Male) |
| 22:30 | Create | Villager (Male) |
| 22:34 | Create | Villager (Male) |
| 22:38 | Build | Farm |
| 22:38 | Build | Farm |
| 22:38 | Build | Farm |
| 22:39 | Build | Farm |
| 23:01 | Research | Padded Archer Armor |
| 23:19 | Create | Villager (Male) |
| 23:19 | Create | Villager (Male) |
| 23:20 | Create | Villager (Male) |
| 23:20 | Create | Villager (Male) |
| 23:36 | Create | Villager (Male) |
| 23:39 | Build | Farm |
| 23:39 | Build | Farm |
| 23:39 | Build | Farm |
| 23:40 | Build | Farm |
| 23:42 | Create | Villager (Male) |
| 23:48 | Create | Villager (Male) |
| 23:52 | Build | University |
| 24:06 | Create | Villager (Male) |
| 24:09 | Build | Settlement |
| 24:13 | Build | Farm |
| 24:14 | Build | Farm |
| 24:16 | Create | Villager (Male) |
Build order — 寡言悲观戏谑
First 150 of 232 actions detected
| 0:04 | Create | Villager (Male) |
| 0:04 | Create | Villager (Male) |
| 0:04 | Create | Villager (Male) |
| 0:05 | Create | Villager (Male) |
| 0:06 | Build | House |
| 0:07 | Build | House |
| 1:27 | Create | Villager (Male) |
| 2:10 | Create | Villager (Male) |
| 2:19 | Build | Settlement |
| 2:19 | Create | Villager (Male) |
| 2:20 | Create | Villager (Male) |
| 2:33 | Create | Villager (Male) |
| 3:11 | Create | Villager (Male) |
| 3:41 | Create | Villager (Male) |
| 4:00 | Create | Villager (Male) |
| 4:35 | Create | Villager (Male) |
| 4:52 | Build | Settlement |
| 4:59 | Create | Villager (Male) |
| 5:02 | Create | Villager (Male) |
| 5:21 | Create | Villager (Male) |
| 5:23 | Create | Villager (Male) |
| 5:35 | Create | Villager (Male) |
| 5:51 | Create | Villager (Male) |
| 6:11 | Build | Farm |
| 6:34 | Create | Villager (Male) |
| 6:42 | Build | Farm |
| 7:01 | Create | Villager (Male) |
| 7:25 | Create | Villager (Male) |
| 7:48 | Create | Villager (Male) |
| 8:04 | Create | Villager (Male) |
| 8:13 | Create | Villager (Male) |
| 8:19 | Build | Settlement |
| 8:20 | Create | Villager (Male) |
| 8:49 | Research | Feudal Age |
| 8:59 | Research | Loom |
| 9:10 | Build | Palisade Wall |
| 9:11 | Create | Villager (Male) |
| 9:24 | Research | Feudal Age |
| 9:24 | Research | Feudal Age |
| 9:34 | Build | Palisade Wall |
| 9:53 | Build | Palisade Wall |
| 10:13 | Build | Palisade Wall |
| 10:16 | Build | Palisade Wall |
| 10:22 | Build | Palisade Wall |
| 10:27 | Create | Villager (Male) |
| 10:29 | Create | Villager (Male) |
| 11:25 | Create | Villager (Male) |
| 11:36 | Age | Feudal Age |
| 11:38 | Build | Watch Tower |
| 11:55 | Build | Blacksmith |
| 12:23 | Create | Villager (Male) |
| 12:26 | Build | Market |
| 12:46 | Build | Palisade Wall |
| 13:03 | Research | Double-Bit Axe |
| 13:03 | Research | Double-Bit Axe |
| 13:03 | Research | Castle Age |
| 13:14 | Build | Farm |
| 13:47 | Build | Farm |
| 13:48 | Build | Farm |
| 14:27 | Create | Villager (Male) |
| 14:28 | Build | Farm |
| 14:31 | Build | Farm |
| 14:40 | Build | House |
| 15:01 | Build | House |
| 15:03 | Build | House |
| 15:05 | Build | House |
| 15:07 | Create | Villager (Male) |
| 15:13 | Build | House |
| 15:18 | Research | Horse Collar |
| 15:18 | Research | Horse Collar |
| 15:43 | Age | Castle Age |
| 16:01 | Build | Farm |
| 16:16 | Build | Siege Workshop |
| 16:29 | Create | Villager (Male) |
| 16:30 | Create | Villager (Male) |
| 16:49 | Create | Mangonel |
| 16:49 | Create | Mangonel |
| 16:53 | Create | Villager (Male) |
| 17:04 | Create | Villager (Male) |
| 17:09 | Build | House |
| 17:13 | Build | Palisade Wall |
| 17:26 | Build | Settlement |
| 17:28 | Create | Villager (Male) |
| 17:30 | Build | Farm |
| 17:39 | Create | Villager (Male) |
| 18:02 | Create | Villager (Male) |
| 18:19 | Create | Villager (Male) |
| 18:23 | Build | Farm |
| 18:30 | Build | Farm |
| 18:33 | Create | Mangonel |
| 18:33 | Create | Mangonel |
| 18:35 | Create | Villager (Male) |
| 18:45 | Create | Villager (Male) |
| 19:01 | Build | Farm |
| 19:02 | Build | Farm |
| 19:04 | Build | Farm |
| 19:09 | Build | Farm |
| 19:22 | Create | Villager (Male) |
| 20:06 | Create | Villager (Male) |
| 20:14 | Create | Villager (Male) |
| 20:43 | Build | Market |
| 21:29 | Create | Villager (Male) |
| 21:39 | Build | Town Center |
| 21:58 | Create | Villager (Male) |
| 22:07 | Create | Villager (Male) |
| 22:24 | Create | Villager (Male) |
| 22:34 | Research | Heavy Plow |
| 22:34 | Research | Heavy Plow |
| 22:38 | Research | Bow Saw |
| 22:38 | Research | Bow Saw |
| 22:43 | Build | Farm |
| 22:43 | Build | Farm |
| 22:44 | Build | Farm |
| 22:44 | Build | Farm |
| 22:44 | Build | Farm |
| 22:51 | Build | Stone Wall |
| 22:58 | Build | Town Center |
| 23:12 | Create | Villager (Male) |
| 23:32 | Build | Farm |
| 23:32 | Build | Farm |
| 23:32 | Build | Farm |
| 23:32 | Build | Farm |
| 23:52 | Create | Villager (Male) |
| 23:55 | Build | Farm |
| 23:58 | Create | Villager (Male) |
| 24:16 | Create | Mangonel |
| 24:38 | Create | Mangonel |
| 24:42 | Create | Villager (Male) |
| 24:42 | Create | Villager (Male) |
| 24:42 | Create | Villager (Male) |
| 24:45 | Build | Farm |
| 24:45 | Build | Farm |
| 24:45 | Build | Farm |
| 24:46 | Build | Farm |
| 24:46 | Build | Farm |
| 24:50 | Build | Farm |
| 24:50 | Build | Farm |
| 24:51 | Build | Farm |
| 24:52 | Create | Villager (Male) |
| 24:59 | Create | Villager (Male) |
| 24:59 | Create | Villager (Male) |
| 25:18 | Create | Villager (Male) |
| 25:26 | Build | House |
| 25:27 | Build | House |
| 25:29 | Create | Villager (Male) |
| 25:36 | Create | Villager (Male) |
| 25:44 | Build | Barracks |
| 25:47 | Create | Villager (Male) |
| 25:47 | Create | Villager (Male) |
| 25:50 | Create | Villager (Male) |
Build order — Full power No shower
First 150 of 171 actions detected
| 0:02 | Create | Villager (Male) |
| 0:04 | Build | House |
| 0:06 | Build | House |
| 0:12 | Create | Villager (Male) |
| 0:12 | Create | Villager (Male) |
| 0:12 | Create | Villager (Male) |
| 1:34 | Create | Villager (Male) |
| 1:50 | Create | Villager (Male) |
| 1:50 | Create | Villager (Male) |
| 2:31 | Build | Lumber Camp |
| 2:34 | Create | Villager (Male) |
| 2:38 | Create | Villager (Male) |
| 2:49 | Create | Villager (Male) |
| 3:22 | Create | Villager (Male) |
| 3:30 | Build | House |
| 3:43 | Create | Villager (Male) |
| 3:55 | Create | Villager (Male) |
| 4:21 | Create | Villager (Male) |
| 4:51 | Create | Villager (Male) |
| 5:31 | Create | Villager (Male) |
| 5:38 | Build | Mining Camp |
| 5:58 | Create | Villager (Male) |
| 6:43 | Research | Feudal Age |
| 7:55 | Build | House |
| 8:08 | Build | Barracks |
| 8:13 | Create | Villager (Male) |
| 8:13 | Create | Villager (Male) |
| 8:23 | Create | Villager (Male) |
| 8:37 | Build | Mill |
| 8:44 | Create | Villager (Male) |
| 8:50 | Create | Militia |
| 8:54 | Age | Feudal Age |
| 9:28 | Create | Militia |
| 9:34 | Build | Watch Tower |
| 9:46 | Create | Villager (Male) |
| 9:55 | Build | Mining Camp |
| 10:09 | Build | House |
| 10:17 | Create | Villager (Male) |
| 10:33 | Build | House |
| 10:35 | Build | House |
| 10:59 | Build | Watch Tower |
| 11:02 | Create | Villager (Male) |
| 11:27 | Create | Villager (Male) |
| 11:34 | Build | Archery Range |
| 11:39 | Create | Villager (Male) |
| 11:53 | Create | Villager (Male) |
| 12:08 | Build | House |
| 12:13 | Create | Archer |
| 12:22 | Build | Mining Camp |
| 12:29 | Build | Mining Camp |
| 12:39 | Create | Villager (Male) |
| 12:49 | Build | House |
| 12:50 | Create | Archer |
| 13:00 | Create | Archer |
| 13:03 | Create | Villager (Male) |
| 13:05 | Create | Archer |
| 13:23 | Create | Archer |
| 13:26 | Create | Villager (Male) |
| 13:38 | Build | Mill |
| 13:39 | Create | Archer |
| 14:00 | Create | Archer |
| 14:03 | Create | Villager (Male) |
| 14:30 | Create | Villager (Male) |
| 14:37 | Create | Archer |
| 14:47 | Create | Villager (Male) |
| 15:07 | Build | Blacksmith |
| 15:17 | Create | Archer |
| 15:37 | Create | Archer |
| 15:43 | Create | Villager (Male) |
| 15:50 | Build | Farm |
| 15:53 | Build | Farm |
| 16:04 | Research | Double-Bit Axe |
| 16:16 | Create | Villager (Male) |
| 16:36 | Create | Archer |
| 16:44 | Research | Fletching |
| 17:06 | Build | Farm |
| 17:07 | Build | Farm |
| 17:08 | Build | Farm |
| 17:12 | Create | Archer |
| 17:35 | Create | Villager (Male) |
| 17:35 | Create | Villager (Male) |
| 18:00 | Create | Villager (Male) |
| 18:14 | Build | Watch Tower |
| 18:31 | Create | Archer |
| 18:33 | Create | Villager (Male) |
| 18:39 | Build | Farm |
| 18:42 | Build | Farm |
| 18:49 | Create | Villager (Male) |
| 19:44 | Create | Archer |
| 19:52 | Create | Archer |
| 19:56 | Research | Loom |
| 19:58 | Create | Archer |
| 20:38 | Create | Villager (Male) |
| 20:38 | Create | Villager (Male) |
| 20:40 | Build | Market |
| 21:09 | Build | Watch Tower |
| 21:12 | Create | Archer |
| 21:16 | Create | Spearman |
| 21:16 | Create | Spearman |
| 21:27 | Create | Villager (Male) |
| 21:34 | Create | Archer |
| 21:38 | Create | Archer |
| 21:57 | Build | Watch Tower |
| 22:42 | Create | Archer |
| 22:44 | Create | Archer |
| 22:59 | Create | Villager (Male) |
| 23:00 | Create | Villager (Male) |
| 23:05 | Research | Castle Age |
| 23:35 | Build | Watch Tower |
| 23:40 | Create | Archer |
| 23:47 | Create | Spearman |
| 23:47 | Create | Spearman |
| 24:12 | Create | Archer |
| 24:12 | Create | Archer |
| 24:13 | Create | Villager (Male) |
| 24:20 | Build | Archery Range |
| 24:24 | Build | Mining Camp |
| 24:39 | Create | Archer |
| 24:59 | Create | Archer |
| 25:43 | Build | Stable |
| 25:51 | Create | Villager (Male) |
| 26:04 | Age | Castle Age |
| 26:08 | Create | Knight |
| 26:10 | Create | Knight |
| 26:14 | Create | Villager (Male) |
| 26:20 | Create | Archer |
| 26:32 | Create | Villager (Male) |
| 26:46 | Create | Archer |
| 26:58 | Create | Knight |
| 27:30 | Create | Villager (Male) |
| 27:37 | Create | Archer |
| 27:45 | Create | Villager (Male) |
| 28:04 | Create | Villager (Male) |
| 28:11 | Build | House |
| 28:14 | Research | Bow Saw |
| 28:29 | Research | Crossbowman (upgrade) |
| 28:47 | Create | Villager (Male) |
| 28:56 | Build | Farm |
| 28:56 | Build | Farm |
| 28:57 | Build | Farm |
| 29:10 | Create | Villager (Male) |
| 29:24 | Create | Archer |
| 29:54 | Create | Villager (Male) |
| 29:55 | Create | Villager (Male) |
| 30:24 | Build | Town Center |
| 30:53 | Create | Villager (Male) |
| 30:53 | Create | Villager (Male) |
| 30:58 | Build | Lumber Camp |
| 31:18 | Create | Villager (Male) |
| 31:21 | Build | Farm |
Match timeline
| 7:14 | Noble · first_building Barracks |
| 8:08 | Full power No shower · first_building Barracks |
| 8:52 | Noble · age_up feudal |
| 8:54 | Full power No shower · age_up feudal |
| 8:55 | Noble · first_building Archery Range |
| 9:10 | 寡言悲观戏谑 · wall_segment Palisade Wall x10 |
| 9:34 | 寡言悲观戏谑 · wall_segment Palisade Wall x4 |
| 9:53 | 寡言悲观戏谑 · wall_segment Palisade Wall x3 |
| 10:06 | Thadeus · first_building Barracks |
| 10:13 | 寡言悲观戏谑 · wall_segment Palisade Wall x3 |
| 10:16 | 寡言悲观戏谑 · wall_segment Palisade Wall x5 |
| 10:18 | DaKrankVieh · age_up feudal |
| 10:22 | 寡言悲观戏谑 · wall_segment Palisade Wall x4 |
| 10:54 | Elite Villager · age_up feudal |
| 10:59 | Thadeus · age_up feudal |
| 11:02 | Thadeus · first_building Stable |
| 11:08 | Nobody · age_up feudal |
| 11:34 | Full power No shower · first_building Archery Range |
| 11:36 | 寡言悲观戏谑 · age_up feudal |
| 11:39 | ThreeMinuteHero · age_up feudal |
| 12:34 | Nobody · first_building Barracks |
| 12:46 | 寡言悲观戏谑 · wall_segment Palisade Wall x5 |
| 13:29 | Elite Villager · age_up castle |
| 13:56 | Nobody · first_building Archery Range |
| 14:23 | ThreeMinuteHero · first_building Barracks |
| 14:38 | Nobody · age_up castle |
| 15:34 | ThreeMinuteHero · age_up castle |
| 15:41 | ThreeMinuteHero · first_building Monastery |
| 15:43 | 寡言悲观戏谑 · age_up castle |
| 15:45 | Thadeus · age_up castle |
| 16:16 | 寡言悲观戏谑 · first_building Siege Workshop |
| 16:33 | DaKrankVieh · age_up castle |
| 16:40 | DaKrankVieh · first_building Monastery |
| 17:01 | DaKrankVieh · first_building Siege Workshop |
| 17:13 | 寡言悲观戏谑 · wall_segment Palisade Wall x1 |
| 17:52 | Thadeus · first_building Monastery |
| 18:05 | Noble · first_market_buy 100 food |
| 18:16 | Elite Villager · first_building Monastery |
| 18:27 | Noble · first_market_sell 100 wood |
| 18:38 | Noble · wall_segment Stone Wall x4 |
| 19:07 | ThreeMinuteHero · first_market_buy 100 stone |
| 20:51 | DaKrankVieh · first_market_sell 100 wood |
| 21:33 | 寡言悲观戏谑 · first_market_buy 100 stone |
| 21:34 | Noble · age_up castle |
| 22:01 | ThreeMinuteHero · first_market_sell 100 wood |
| 22:14 | Noble · first_building Siege Workshop |
| 22:51 | 寡言悲观戏谑 · wall_segment Stone Wall x1 |
| 23:02 | Full power No shower · first_market_buy 100 food |
| 23:43 | Elite Villager · first_building Barracks |
| 23:44 | Thadeus · first_building Castle |
| 23:59 | ThreeMinuteHero · first_building Archery Range |
| 25:05 | Elite Villager · first_building Stable |
| 25:13 | DaKrankVieh · wall_segment Stone Wall x1 |
| 25:35 | Elite Villager · first_building Siege Workshop |
| 25:43 | Full power No shower · first_building Stable |
| 25:44 | 寡言悲观戏谑 · first_building Barracks |
| 26:03 | 寡言悲观戏谑 · wall_segment Stone Wall x1 |
| 26:04 | Full power No shower · age_up castle |
| 26:09 | DaKrankVieh · first_building Castle |
| 26:50 | Elite Villager · age_up imperial |
| 27:48 | ThreeMinuteHero · first_building Castle |
| 28:11 | Nobody · first_building Monastery |
| 28:34 | DaKrankVieh · first_building Barracks |
| 28:45 | Elite Villager · first_building Castle |
| 28:47 | Noble · first_building Monastery |
| 29:19 | 寡言悲观戏谑 · wall_segment Stone Wall x4 |
| 29:31 | Thadeus · age_up imperial |
| 29:38 | 寡言悲观戏谑 · wall_segment Stone Wall x2 |
| 29:41 | 寡言悲观戏谑 · wall_segment Stone Wall x5 |
| 29:46 | 寡言悲观戏谑 · wall_segment Stone Wall x2 |
| 29:48 | 寡言悲观戏谑 · wall_segment Stone Wall x1 |
| 29:51 | ThreeMinuteHero · age_up imperial |
| 29:59 | Noble · wall_segment Palisade Wall x1 |
| 30:00 | 寡言悲观戏谑 · wall_segment Stone Wall x1 |
| 30:00 | Noble · wall_segment Palisade Wall x1 |
| 30:02 | Noble · wall_segment Palisade Wall x1 |
| 30:03 | 寡言悲观戏谑 · wall_segment Stone Wall x3 |
| 30:06 | Noble · wall_segment Palisade Wall x1 |
| 30:07 | ThreeMinuteHero · first_building Siege Workshop |
| 30:07 | Noble · wall_segment Palisade Wall x1 |
| 30:09 | Noble · wall_segment Palisade Wall x1 |
| 30:12 | 寡言悲观戏谑 · wall_segment Stone Wall x4 |
| 30:14 | Noble · wall_segment Palisade Wall x1 |
| 30:16 | Noble · wall_segment Palisade Wall x1 |
| 30:20 | Nobody · first_building Castle |
| 31:26 | Elite Villager · first_market_sell 500 wood |
| 31:57 | Nobody · age_up imperial |
| 31:58 | Nobody · first_market_buy 100 wood |
| 32:04 | Elite Villager · wall_segment Palisade Wall x1 |
| 32:06 | Elite Villager · wall_segment Palisade Wall x1 |
| 32:06 | Elite Villager · wall_segment Palisade Wall x1 |
| 32:07 | Full power No shower · first_building Siege Workshop |
| 32:32 | Elite Villager · tribute_sent a jugador 1 |
| 32:32 | Elite Villager · tribute_sent a jugador 2 |
| 32:32 | Elite Villager · tribute_sent a jugador 3 |
| 32:32 | Elite Villager · tribute_sent a jugador 5 |
| 32:32 | Elite Villager · tribute_sent a jugador 6 |
| 32:32 | Elite Villager · tribute_sent a jugador 7 |
| 32:32 | Elite Villager · tribute_sent a jugador 8 |
| 32:40 | Nobody · first_market_sell 100 wood |
| 32:50 | 寡言悲观戏谑 · resign |
| 33:22 | Noble · first_building Castle |
[ AI ANALYSIS · 1 CREDIT ]
What really happened in this match?
Wolo.gg analyzes every decision: build order, eco, micro, common mistakes by bracket. Personalized analysis on WhatsApp or Discord in 30 seconds.
Civ guide
Slavs
Perfil
Jugador #393402